 Dungeon Crawl Stone Soup version 0.18-a0-731-ga019a5f (webtiles) character file.

1717 M4edhros the Covert (level 9, -3/53 HPs)
             Began as an Octopode Artificer on Dec 9, 2015.
             Slain by a wyvern (14 damage)
             ... on level 6 of the Dungeon.
             The game lasted 00:07:54 (4207 turns).

M4edhros the Covert (Octopode Artificer)            Turns: 4207, Time: 00:07:54

Health: -3/53      AC:  1    Str: 11    XL:     9   Next: 4%
Magic:  14/14      EV: 13    Int: 21    God:    Xom [..*...]
Gold:   208        SH: 12    Dex: 17    Spells: 0 memorised, 8 levels left

rFire  . . .     SeeInvis .     x - +1 falchion "Liloep" {speed, *Drain rElec Int+4 Dex+5}
rCold  . . .     Clarity  .     l - +2 shield
rNeg   . . .     SustAt   .     (helmet restricted)
rPois  +         Gourm    +     r - amulet of the gourmand
rElec  +         Spirit   .     j - ring of poison resistance
rCorr  .         Dismiss  .     i - ring of flight
rMut   .         Stasis   .     (no ring)
MR     .....                    (no ring)
Stlth  +++++.....               (no ring)
                                (no ring)
                                (no ring)
                                (no ring)

@: not resistant to hostile enchantments, quite stealthy
A: almost no armour, amphibious, 8 rings, constrict 8, camouflage 1, gelatinous
body 1
a: Renounce Religion, Evoke Flight


You were on level 6 of the Dungeon.
You worshipped Xom.
You were a toy of Xom.
You were not hungry.

You visited 2 branches of the dungeon, and saw 7 of its levels.
You also visited: Sewer.

You collected 208 gold pieces.

Inventory:

Hand Weapons
 a - a +0 short sword
 h - a cursed -1 hunting sling
 x - the +1 falchion "Liloep" (weapon) {speed, *Drain rElec Int+4 Dex+5}
   (You found it on level 5 of the Dungeon)

   Attacks with this weapon are significantly faster.
   It affects your intelligence (+4).
   It affects your dexterity (+5).
   It insulates you from electricity.
   It causes draining when unequipped.
Armour
 l - a +2 shield (worn)
Jewellery
 i - a ring of flight (right tentacle)
 j - a ring of poison resistance (left tentacle)
 r - an amulet of the gourmand (around mantle)
Wands
 b - a wand of flame (0)
 c - a wand of enslavement (10)
 d - a wand of random effects (3)
 o - a wand of polymorph (9)
Scrolls
 f - 2 scrolls of remove curse
 g - a scroll of noise {unknown}
 s - 3 scrolls of identify
 t - 5 scrolls of teleportation
 w - 4 scrolls of recharging {unknown}
 y - a scroll of enchant armour {unknown}
 A - 2 scrolls of enchant weapon {unknown}
 D - 2 scrolls of fog {unknown}
Potions
 k - 3 potions of brilliance {unknown}
 m - 3 potions of curing
 q - 2 potions of might
 u - a potion of cancellation {unknown}
 z - a potion of flight {unknown}
 B - a potion of magic {unknown}
 C - 2 potions of heal wounds {unknown}
 E - a potion of haste {unknown}
 F - a potion of mutation {unknown}
Comestibles
 e - 4 bread rations
 n - 2 beef jerkies
 p - a meat ration
 v - 3 fruits


   Skills:
 - Level 1.0 Fighting
 - Level 1.0 Short Blades
 + Level 4.8 Dodging
 + Level 8.0 Stealth
 * Level 6.3 Shields
 + Level 7.0 Evocations


You had 8 spell levels left.
You didn't know any spells.

Dungeon Overview and Level Annotations

Branches:
Dungeon (6/15)             Temple (1/1) D:5

Altars:
Elyvilon
Gozag
Kikubaaqudgha
Makhleb
Okawaru
Pakellas
Vehumet
Xom
Yredelemnul
Zin

Annotations:
D:4 exclusion: ice beast
D:5 Eustachio; M4edhros's ghost, amateur OpAr


Innate Abilities, Weirdness & Mutations

You cannot wear most types of armour.
You are amphibious.
You can wear up to eight rings at the same time.
You can use your tentacles to constrict eight enemies at once.
Your skin changes colour to match your surroundings (Stealth).
Your rubbery body absorbs attacks (AC +1).


Message History

The wyvern is severely wounded.
You block the wyvern's attack.
The wyvern hisses menacingly.
The wyvern misses you.
You hit the wyvern.
The wyvern is almost dead.
Xom's power almost touches on you for a moment.
The world appears momentarily distorted.
The wyvern bites you!
* * * LOW HITPOINT WARNING * * *
Evoke which item? (* to show all) (? for menu, Esc to quit)
This wand has no charges.
Unknown command.
Evoke which item? (* to show all) (? for menu, Esc to quit)
Zapping:
d - a wand of random effects (4)
Press: ? - help, Shift-Dir - straight line, f - wyvern
Aim: a wyvern (almost dead)
The puff of flame misses the wyvern.
This wand has 3 charges left.
The wyvern bites you!
You die...

#######.# #......## #.####### ##
###.#####.# ##.# ## #.........+
####.# .# #.#..#.##.# #.#..# .#
#.#.#.#รท## ##<#.## .#
#.#.##.#.## ####..#..## .#
#.#.#.###@## ##.#.#.#.#.## .#
####..>.## ##l###........##.#
.####........###...#........##.##
#...#.........#.....##.##.#.#.##
##.............###.....###...##
..#.#...............#### ##.####
.##)........##.###..# #....#
###.#.......##.# #..#######.##.#
###.#.......##.# #..##(.....##.#


You could see a wyvern.

Vanquished Creatures
  Duvessa (D:6)
  2 ice beasts
  An orc warrior (D:6)
  A phantom (D:5)
  2 ogres
  3 giant frogs
  Blork the orc (D:4)
  4 scorpions
  Dowan (D:6)
  2 jellies
  An orc priest (D:5)
  2 iguanas
  2 hounds
  3 worker ants
  5 gnolls
  8 adders
  7 river rats (Sewer)
  2 oozes
  An adder skeleton (D:6)
  3 worms
  3 giant geckos
  13 orcs
  15 ball pythons
  A hobgoblin (D:1)
  8 jackals
  3 quokkas
  2 bats (D:3)
  2 giant cockroaches
  2 giant cockroach zombies
  5 giant newts
  A jackal skeleton (D:6)
  21 rats
128 creatures vanquished.

Vanquished Creatures (collateral kills)
  An adder (D:2)
  2 gnolls (D:5)
  A bat (D:2)
4 creatures vanquished.

Vanquished Creatures (others)
  A jelly (D:6)
  A sheep (D:2)
2 creatures vanquished.

Grand Total: 134 creatures vanquished

Notes
Turn   | Place    | Note
--------------------------------------------------------------
     0 | D:1      | M4edhros the Octopode Artificer began the quest for the Orb.
     0 | D:1      | Reached XP level 1. HP: 13/13 MP: 3/3
   442 | D:1      | Reached XP level 2. HP: 15/18 MP: 4/4
   474 | D:2      | Found a shimmering altar of Xom.
   506 | D:2      | Became a worshipper of Xom the Tricky
   524 | D:2      | Reached skill level 4 in Evocations
   524 | D:2      | Reached XP level 3. HP: 7/23 MP: 4/6
   661 | D:2      | XOM: harmless Trmt miscast
   729 | D:3      | XOM: divination: detect creatures
   848 | D:4      | Reached XP level 4. HP: 28/28 MP: 7/7
  1128 | D:4      | Noticed an ice beast
  1215 | D:4      | Reached XP level 5. HP: 31/33 MP: 8/8
  1225 | D:4      | Noticed an ogre
  1262 | D:4      | Killed an ogre
  1262 | D:4      | Reached skill level 5 in Stealth
  1262 | D:4      | Reached skill level 1 in Shields
  1266 | D:4      | XOM: cast spell 'Call Canine Familiar'
  1268 | D:4      | Killed an ice beast
  1268 | D:4      | Reached skill level 5 in Evocations
  1268 | D:4      | Reached XP level 6. HP: 38/38 MP: 9/9
  1439 | D:4      | Noticed Blork the orc
  1588 | D:4      | Killed Blork the orc
  1814 | D:4      | Found a white marble altar of Elyvilon.
  1867 | D:5      | Entered Level 5 of the Dungeon
  1940 | D:5      | Noticed Eustachio
  1956 | D:5      | Reached XP level 7. HP: 36/43 MP: 11/11
  1960 | D:5      | Noticed M4edhros's ghost (amateur OpAr)
  1976 | D:5      | Found a staircase to the Ecumenical Temple.
  1983 | D:5      | Found an ancient bone altar of Kikubaaqudgha.
  1995 | Temple   | Entered the Ecumenical Temple
  2192 | D:5      | Got an ichor-stained falchion
  2193 | D:5      | Identified the cursed +1 falchion "Liloep" {speed, *Drain rElec Int+4 Dex+5} (You found it on level 5 of the Dungeon)
  2607 | D:5      | XOM: silly message
  2625 | D:5      | Found a glowing silver altar of Zin.
  2712 | D:5      | XOM: potion effect (brilliance)
  2717 | D:5      | Reached skill level 6 in Stealth
  2778 | D:5      | XOM: potion effect (berserk rage)
  2981 | D:6      | Reached XP level 8. HP: 48/48 MP: 12/12
  2995 | D:6      | Found a glowing drain.
  3028 | Sewer    | Entered a sewer
  3297 | Sewer    | XOM: divination: detect creatures
  3376 | Sewer    | XOM: smoke on damage
  3381 | Sewer    | XOM: harmless Conj miscast
  3454 | Sewer    | XOM: silly message
  3604 | Sewer    | Reached skill level 7 in Stealth
  3604 | Sewer    | Reached skill level 5 in Shields
  3661 | D:6      | Noticed Duvessa
  3664 | D:6      | Noticed Dowan
  3674 | D:6      | Killed Duvessa
  3682 | D:6      | Killed Dowan
  3863 | D:6      | XOM: butterfly on damage
  3979 | D:6      | XOM: potion effect (curing)
  4045 | D:6      | Reached XP level 9. HP: 35/53 MP: 14/14
  4073 | D:6      | XOM: harmless Summ miscast
  4169 | D:6      | Reached skill level 8 in Stealth
  4194 | D:6      | XOM: harmless Conj miscast
  4206 | D:6      | XOM: harmless Summ miscast
  4207 | D:6      | Slain by a wyvern

Vault maps used:
D:1:      dpeg_arrival_court
D:2:      cheibriados_altar_1, dk_xom_monty_hall
D:3:      uniq_jessica, uniq_terence
D:4:      lemuel_tele_altar, uniq_blork_the_orc
D:5:      lemuel_round_altar, old_standard_altar, first_bread,
          kennysheep_pointless_box, uniq_eustachio
D:6:      grunt_temple_overflow_diamond, portal_sewer_entry_a,
          minmay_misc_feat_ornament, uniq_duvessa
Temple:   zaba_magenta_temple_8
Sewer:    sewer_minmay_w

Action                   |  1- 3 |  4- 6 |  7- 9 || total
-------------------------+-------+-------+-------++-------
Melee: Short sword       |    32 |    47 |     9 ||    88
       Falchion          |       |       |   221 ||   221
Evoke: Wand              |     3 |    13 |    16 ||    32
  Use: Scroll            |       |       |     4 ||     4
       Potion            |       |       |     9 ||     9
 Stab: Sleeping          |     2 |     2 |    18 ||    22
       Paralysed         |       |       |     5 ||     5
  Eat: Chunk             |       |     3 |    11 ||    14
